 Dungeon Crawl Stone Soup version 0.20-a0-396-gbf3f530 (webtiles) character file.

15683 RumaTero the Martial Artist (level 12, -10/97 HPs)
             Began as a Red Draconian Transmuter on Dec 31, 2016.
             Was an Elder of Qazlal.
             Mangled by a large slime creature (27 damage)
             ... on level 12 of the Dungeon.
             The game lasted 00:41:49 (10749 turns).

RumaTero the Martial Artist (DrTm)                 Turns: 10749, Time: 00:41:49

Health: -10/97     AC: 11    Str: 12    XL:     12   Next: 3%
Magic:  22/24      EV: 12    Int: 18    God:    Qazlal [****..]
Gold:   564        SH:  5    Dex: 13    Spells: 16/27 levels left

rFire  + . .     SeeInvis .       - Unarmed
rCold  . . .     Gourm    .     (armour unavailable)
rNeg   . . .     Faith    .     (shield currently unavailable)
rPois  .         Spirit   .     H - +1 hat
rElec  .         Reflect  .     f - +1 cloak
rCorr  .         Harm     .     (gloves currently unavailable)
MR     +....                    (no boots)
Stlth  +.........               r - amulet of regeneration
                                T - ring of protection from magic
                                e - +3 ring of slaying

@: blade hands, repel missiles
A: breathe fire, unfitting armour, fire resistance 1, cold-blooded, AC +8
a: Breathe Fire, End Transformation, Upheaval, Elemental Force, Renounce
Religion


You were on level 12 of the Dungeon.
You worshipped Qazlal.
Qazlal was greatly pleased with you.
You were not hungry.
You had blades for hands.
You visited 2 branches of the dungeon, and saw 13 of its levels.

You collected 564 gold pieces.

Inventory:

Hand Weapons
 O - the +7 trident of Beogol {pierce, rElec rN+}
   (You found it on level 11 of the Dungeon)

   It inflicts extra damage upon your enemies.
   It insulates you from electricity.
   It protects you from negative energy.
Missiles
 a - 139 arrows (quivered)
Armour
 f - a +1 cloak (worn)
 n - a +1 pair of gloves (melded)
 H - a +1 hat (worn)
 L - a +2 large shield
Jewellery
 e - a +3 ring of slaying (left scythe-like blade)
 m - a +3 ring of dexterity
 r - an amulet of regeneration (around neck)
 y - an uncursed ring of loudness
 z - an uncursed ring of fire
 A - an uncursed amulet of the gourmand {unknown}
 T - a ring of protection from magic (right scythe-like blade)
Wands
 J - a wand of digging (7/24)
 K - a wand of slowing (30/48)
 U - a wand of iceblast (10/15)
Scrolls
 d - 4 scrolls of enchant armour {unknown}
 g - 2 scrolls of noise {unknown}
 i - 3 scrolls of fog {unknown}
 j - 2 scrolls of fear
 l - 4 scrolls of teleportation
 u - 4 scrolls of remove curse
 w - 9 scrolls of recharging
 I - 2 scrolls of blinking {unknown}
 M - 2 scrolls of identify
 P - a scroll of amnesia {unknown}
 S - a scroll of enchant weapon {unknown}
Potions
 o - 2 potions of haste
 p - 2 potions of invisibility
 q - 2 potions of lignification
 s - 2 potions of magic
 t - 2 potions of brilliance
 x - a potion of heal wounds
 B - 2 potions of flight {unknown}
 D - a potion of mutation {unknown}
 E - 3 potions of curing
 G - 2 potions of cancellation {unknown}
 R - a potion of degeneration {unknown}
Books
 b - a book of Changes

   Spells                             Type                      Level
   a - Beastly Appendage              Transmutation                1
   b - Sticks to Snakes               Transmutation                2
   c - Spider Form                    Transmutation/Poison         3
   d - Ice Form                       Ice/Transmutation            4
   e - Blade Hands                    Transmutation                5
 C - a book of Cantrips

   Spells                             Type                      Level
   a - Confusing Touch                Hexes                        1
   b - Animate Skeleton               Necromancy                   1
   c - Summon Small Mammal            Summoning                    1
   d - Apportation                    Translocation                1
Comestibles
 c - 9 bread rations
 h - 3 slices of pizza
 k - 3 meat rations
 v - 6 beef jerkies
 F - a royal jelly
 N - 5 fruits
 Q - 2 chunks of flesh


   Skills:
 - Level 6.5 Fighting
 - Level 1.7 Dodging
 + Level 12.1 Unarmed Combat
 + Level 8.1 Spellcasting
 + Level 11.8 Transmutations


You had 16 spell levels left.
You knew the following spells:

 Your Spells              Type           Power        Failure   Level  Hunger
a - Beastly Appendage     Tmut           ######       8%          1    None
b - Sticks to Snakes      Tmut           ######..     8%          2    None
c - Spider Form           Tmut/Pois      ####......   24%         3    #......
d - Blade Hands           Tmut           ######....   24%         5    #####..


Dungeon Overview and Level Annotations

Branches:
Dungeon (12/15)            Temple (1/1) D:5            Lair (0/6) D:10
    Orc (0/2) D:11

Altars:
Ashenzari
Cheibriados
Dithmenos
Elyvilon
Fedhas
Gozag
Hepliaklqana
Kikubaaqudgha
Makhleb
Nemelex Xobeh
Okawaru
Qazlal
Ru
Sif Muna
Trog
Uskayaw
Vehumet
Xom
Yredelemnul
Zin
The Shining One

Shops:
D:4 (   D:11 }

Annotations:
D:11 exclusion: downstairs


Innate Abilities, Weirdness & Mutations

You can breathe blasts of fire.
Your fiery red scales are hard. (AC +8)
You cannot fit into any form of body armour.
Your flesh is heat resistant. (rF+)
You are cold-blooded and may be slowed by cold attacks.


Message History

The yak bellows!
You slice the slime creature!!
The slime creature is moderately wounded.
You hear a bellow! x2; You hear a shout!
The slime creature closely misses you.
You slice the slime creature!!
The slime creature is severely wounded.
You hear an angry hiss.
Two slime creatures merge to form a large slime creature.
You slice the large slime creature!!
The large slime creature is heavily wounded.
You slice the large slime creature!!
The large slime creature is severely wounded.
You slash the large slime creature!
The large slime creature is almost dead.
The large slime creature hits you!!!
* * * LOW HITPOINT WARNING * * *
There is a stone staircase leading up here.
The large slime creature hits you!!
You die...

..>........
##..........
###........ #.
#.###.#.. #. #..
.# # .. #.. # .#
#####.#
##.....####.
#.####@§.........
#..YYJ..§........
##.o#############
#.. .... #.### #.
. .


You could see a large slime creature, 2 yaks and an orc.

Vanquished Creatures
  Gastronok (D:8)
  The ghost of ordcoder the Basher, a journeyman OgEE of Dithmenos (D:11)
  Harold (D:10)
  A two-headed ogre (D:8)
  An ugly thing (D:11)
  A cyclops (D:11)
  2 gargoyles
  Joseph (D:9)
  Psyche (D:8)
  A centaur skeleton (D:11)
  A troll (D:10)
  A hornet (D:9)
  2 slime creatures (D:12)
  Prince Ribbit (D:8)
  16 yaks
  A steam dragon (D:11)
  3 hungry ghosts
  2 water moccasins
  An acid dragon (D:11)
  3 black bears
  2 ice beasts
  2 sky beasts
  An orc warrior (D:9)
  2 phantoms
  2 necrophages
  7 ogres
  3 wolves (D:10)
  6 centaurs
  A big kobold (D:8)
  5 bullfrogs
  A wyvern zombie (D:12)
  A wyvern skeleton (D:6)
  4 scorpions
  12 killer bees
  5 wights
  3 electric eels (D:10)
  2 howler monkeys
  4 crimson imps
  A bullfrog zombie (D:10)
  A centaur zombie (D:9)
  A quasit (D:10)
  14 hounds
  10 jellies
  8 orc wizards
  5 orc priests
  4 worker ants
  4 iguanas
  2 worker ant zombies
  Robin (D:2)
  A howler monkey skeleton (D:4)
  11 adders
  2 oozes (D:1)
  5 adder skeletons
  3 worms
  2 dart slugs (D:2)
  5 leopard geckos
  44 orcs
  4 giant cockroaches
  9 goblins
  13 hobgoblins
  10 jackals
  12 kobolds
  11 quokkas
  6 bats
  11 frilled lizards
  A jackal skeleton (D:5)
  4 quokka skeletons
  10 rats
320 creatures vanquished.

Vanquished Creatures (collateral kills)
  A crocodile (D:8)
  2 ogres
  A bullfrog (D:6)
  A wight (D:6)
  An orc (D:4)
6 creatures vanquished.

Grand Total: 326 creatures vanquished

Notes
Turn   | Place    | Note
-------+----------+-------------------------------------------
     0 | D:1      | RumaTero the Draconian Transmuter began the quest for the Orb.
     0 | D:1      | Reached XP level 1. HP: 16/16 MP: 3/3
   310 | D:1      | Reached XP level 2. HP: 23/23 MP: 5/5
   658 | D:1      | Reached XP level 3. HP: 27/28 MP: 6/6
  1121 | D:2      | Learned a level 2 spell: Sticks to Snakes
  1134 | D:2      | Found a shattered altar of Ashenzari.
  1141 | D:2      | Found a snail-covered altar of Cheibriados.
  1189 | D:2      | Noticed Robin
  1310 | D:2      | Reached skill level 4 in Unarmed Combat
  1708 | D:1      | Reached XP level 4. HP: 24/35 MP: 7/7
  1807 | D:1      | Learned a level 3 spell: Spider Form
  1852 | D:2      | Killed Robin
  2005 | D:2      | Found a hide-covered altar of Uskayaw.
  2260 | D:3      | Found a white marble altar of Elyvilon.
  2330 | D:3      | Noticed a phantom
  2387 | D:3      | Killed a phantom
  2387 | D:3      | Reached XP level 5. HP: 23/40 MP: 8/8
  2559 | D:3      | Reached skill level 5 in Unarmed Combat
  2670 | D:3      | Reached XP level 6. HP: 46/47 MP: 9/9
  2836 | D:4      | Found Cufue's Weapon Shop.
  2988 | D:4      | Found a radiant altar of Vehumet.
  3071 | D:4      | Reached skill level 5 in Transmutations
  3692 | D:4      | Reached skill level 6 in Unarmed Combat
  3692 | D:4      | Your scales start taking on a fiery red colour.
  3692 | D:4      | Reached XP level 7. HP: 32/52 MP: 10/10
  3692 | D:4      | Gained mutation: Your flesh is heat resistant. (rF+) [Red Draconian growth]
  3849 | D:4      | Found a basalt altar of Yredelemnul.
  4043 | D:5      | Entered Level 5 of the Dungeon
  4079 | D:5      | Found a staircase to the Ecumenical Temple.
  4091 | Temple   | Entered the Ecumenical Temple
  4152 | Temple   | Became a worshipper of Qazlal Stormbringer
  4394 | D:5      | Found a burning altar of Makhleb.
  4656 | D:5      | Found a white marble altar of Elyvilon.
  4662 | D:5      | Found an iron altar of Okawaru.
  4662 | D:5      | Found a deep blue altar of Sif Muna.
  4665 | D:5      | Found a blossoming altar of Fedhas.
  4755 | D:5      | Reached XP level 8. HP: 57/63 MP: 5/11
  4875 | D:6      | Reached skill level 7 in Unarmed Combat
  5312 | D:6      | Reached * piety under Qazlal
  5608 | D:7      | Reached skill level 5 in Fighting
  5623 | D:7      | Found an ancient bone altar of Kikubaaqudgha.
  6041 | D:7      | Reached skill level 8 in Unarmed Combat
  6041 | D:7      | Reached XP level 9. HP: 40/74 MP: 6/12
  6433 | D:7      | Learned a level 5 spell: Blade Hands
  6613 | D:8      | Noticed a two-headed ogre
  6626 | D:8      | Killed a two-headed ogre
  6626 | D:8      | Reached skill level 9 in Unarmed Combat
  6802 | D:8      | Noticed Prince Ribbit
  6828 | D:8      | Killed Prince Ribbit
  6913 | D:8      | Noticed Psyche
  6918 | D:8      | Killed Psyche
  6947 | D:8      | Noticed Gastronok
  6983 | D:8      | Reached XP level 10. HP: 72/83 MP: 14/16
  7127 | D:8      | Killed Gastronok
  7246 | D:8      | Reached ** piety under Qazlal
  7265 | D:8      | Reached skill level 5 in Spellcasting
  7613 | D:9      | Reached skill level 10 in Unarmed Combat
  7911 | D:9      | Reached skill level 10 in Transmutations
  7998 | D:9      | Noticed Joseph
  8024 | D:9      | Killed Joseph
  8394 | D:9      | Reached XP level 11. HP: 50/91 MP: 20/20
  8638 | D:9      | Reached *** piety under Qazlal
  8762 | D:9      | Found a hazy altar of Hepliaklqana.
  8857 | D:10     | Entered Level 10 of the Dungeon
  9065 | D:10     | Reached skill level 11 in Unarmed Combat
  9210 | D:10     | Noticed Harold
  9225 | D:10     | Killed Harold
  9498 | D:10     | Found a staircase to the Lair.
  9736 | D:11     | Got a scorched trident
  9737 | D:11     | Identified the +7 trident of Beogol {pierce, rElec rN+} (You found it on level 11 of the Dungeon)
  9739 | D:11     | Found a staircase to the Orcish Mines.
  9750 | D:11     | Reached **** piety under Qazlal
  9882 | D:11     | Noticed ordcoder's ghost (journeyman OgEE)
  9893 | D:11     | Killed ordcoder's ghost
 10369 | D:11     | Noticed a cyan ugly thing
 10378 | D:11     | Killed a cyan ugly thing
 10378 | D:11     | Reached skill level 12 in Unarmed Combat
 10629 | D:11     | Found Talufecei's Gadget Shop.
 10729 | D:12     | Reached XP level 12. HP: 85/97 MP: 19/24
 10749 | D:12     | Mangled by a large slime creature

Vault maps used:
D:1:      dpeg_arrival_lava_temple_mockup, minmay_lizard_king
D:2:      minmay_diamond_boxcup, kennysheep_slug_shrine, ashenzari_altar_1,
          eat_drink_and_be_merry_uskayaw, minmay_hexomino_u4, uniq_robin
D:3:      elyvilon_altar_4
D:4:      kennysheep_little_box, marbit_many_paths, serial_shops, shop
D:5:      bloody_makhleb, minitemple, first_bread
D:6:      kennysheep_spiral_hall
D:7:      lemuel_doored_altar
D:8:      uniq_psyche, uniq_gastronok, uniq_prince_ribbit1
D:9:      lemuel_coloured_pillars_altar, uniq_joseph
D:10:     erik_lair_island, uniq_harold
D:11:     david_orc_2, lab_entry_generic, serial_shops, shop
Temple:   jpeg_temple_island

Skill      XL: |  1  2  3  4  5  6  7  8  9 10 11 |
---------------+----------------------------------+-----
Transmutations | 3 4 5 6 7 9 10 11 | 11.8
Unarmed Combat | 4 5 6 8 9 10 12 | 12.1
Fighting       | 3 5 6 |  6.5
Spellcasting   | 4 6 8 |  8.1
Dodging        | |  1.7

Action                   |  1- 3 |  4- 6 |  7- 9 | 10-12 || total
-------------------------+-------+-------+-------+-------++-------
Melee: Unarmed           |   175 |   208 |   280 |   476 ||  1139
       Tailslap          |    12 |    28 |    35 |    51 ||   126
       Punch             |       |     5 |    14 |    10 ||    29
       Headbutt          |       |       |    10 |       ||    10
       Kick              |       |       |     1 |       ||     1
 Cast: Sticks to Snakes  |       |     3 |    26 |     9 ||    38
       Beastly Appendage |       |       |     5 |       ||     5
       Spider Form       |       |       |       |     4 ||     4
       Blade Hands       |       |       |       |    16 ||    16
 Abil: Breathe Fire      |       |       |       |     4 ||     4
  Use: Potion            |       |     2 |       |     2 ||     4
       Scroll            |       |       |     8 |     5 ||    13
 Stab: Sleeping          |     1 |     3 |       |       ||     4
       Distracted        |       |     1 |     2 |     2 ||     5
  Eat: Chunk             |     2 |     6 |    12 |    18 ||    38
       Fruit             |       |     2 |       |     2 ||     4
Armor: Skin              |    49 |    53 |    86 |   100 ||   288
Dodge: Dodged            |    90 |   122 |   147 |   213 ||   572
       Deflected         |       |       |       |     2 ||     2
Block: Other             |       |       |     4 |    47 ||    51
